 Dungeon Crawl Stone Soup version 0.24.0-123-gd5b16e6ec5 (webtiles) character file.

Game seed: 16593311844431062547, levelgen mode: deterministic

322 MisterOstroum the Ruffian (level 6, -2/53 HPs)
             Began as a Draconian Wanderer on Jan 8, 2020.
             Slain by a wight
             ... wielding a cursed +3 scimitar
              (7 damage)
             ... on level 6 of the Dungeon.
             The game lasted 00:13:31 (4895 turns).

MisterOstroum the Ruffian (Draconian Wanderer)      Turns: 4895, Time: 00:13:32

Health: -2/53      AC:  6    Str: 16    XL:     6   Next: 22%
Magic:  6/6        EV: 12    Int: 13    God:
Gold:   110        SH:  0    Dex: 10    Spells: 5/5 levels left

rFire    . . .     SeeInvis .     - Unarmed
rCold    . . .     Gourm    .   (no shield)
rNeg     . . .     Faith    .   (armour unavailable)
rPois    +         Spirit   .   (helmet restricted)
rElec    .         Reflect  .   (no cloak)
rCorr    .         Harm     .   (no gloves)
MR       .....                  (no boots)
Stlth    ++........             (no amulet)
HPRegen  0.17/turn              t - ring of flight (curse)
MPRegen  0.10/turn              h - ring of poison resistance

@: lightly drained
A: unfitting armour, cold-blooded, AC +6
a: Evoke Flight


You were on level 6 of the Dungeon.
You were not hungry.

You visited 1 branch of the dungeon, and saw 6 of its levels.

You collected 110 gold pieces.

Inventory:

Hand Weapons
 f - a +1 mace of crushing
 n - a +0 whip
Missiles
 a - 120 stones
 o - a throwing net {!f}
 p - 22 bolts
 r - 5 boomerangs (quivered)
 u - 18 arrows
Jewellery
 h - a ring of poison resistance (right hand)
 t - a cursed ring of flight (left hand)
 w - an uncursed ring of positive energy {unknown}
Scrolls
 b - a scroll of teleportation {!r@r3 !r}
 i - 2 scrolls of remove curse {!r@r2}
 l - 2 scrolls of fear {!r!r}
 q - a scroll of immolation {!r}
Potions
 c - 2 potions of curing {!q}
 d - 2 potions of heal wounds {!q!q}
 g - 2 potions of might {!q, unknown}
 j - a potion of mutation {!q, unknown}
 k - a potion of cancellation {!q, unknown}
 m - a potion of heal wounds {!q@q2 !q}
 s - a potion of flight {!q, unknown}
 v - a potion of degeneration {!q, unknown}
Comestibles
 e - 5 rations
 x - 3 chunks of flesh


   Skills:
 * Level 4.5(4.1) Fighting
   Level 1.0(0.6) Axes
 + Level 2.4(2.0) Dodging
 + Level 2.6(2.2) Stealth
   Level 1.0(0.6) Shields
 * Level 4.6(4.2) Unarmed Combat
 - Level 1.0(0.6) Evocations


You had 5 spell levels left.
You didn't know any spells.
Your spell library was empty.

Dungeon Overview and Level Annotations

Branches:
Dungeon (7/15)
 Temple: D:4-7

Altars:
Ru
Trog
Wu Jian
Xom

Annotations:
D:6 Blork the orc
D:7 exclusion: door


Innate Abilities, Weirdness & Mutations

Your plain brown scales are hard. (AC +6)
You cannot fit into any form of body armour.
You are cold-blooded and may be slowed by cold attacks.


Message History

The jackal closely misses you.
You punch the jackal!
You kill the jackal!
No target in view!
No target in view!
You start resting.
HP restored.
A worker ant comes into view.
The worker ant moves out of view.
You see here a leopard gecko skeleton.
The worker ant twitches its antennae in your direction.
You see here a leopard gecko skeleton.
The worker ant bites you.
The worker ant waves its antennae.
You barely miss the worker ant.
Your tail-slap misses the worker ant.
The worker ant closely misses you.
You closely miss the worker ant. The worker ant barely misses you.
You hit the worker ant but do no damage.
Your tail-slap misses the worker ant.
The worker ant bites you but does no damage.
You hit the worker ant. You tail-slap the worker ant.
The worker ant is heavily wounded.
The worker ant bites you.
The worker ant bites you but does no damage.
You closely miss the worker ant.
The worker ant is heavily wounded.
The worker ant bites you but does no damage.
You hit the worker ant.
The worker ant is heavily wounded.
The worker ant completely misses you.
You barely miss the worker ant.
The worker ant is heavily wounded.
The worker ant bites you.
You hit the worker ant.
The worker ant is almost dead.
The worker ant bites you.
You closely miss the worker ant.
The worker ant is almost dead.
The worker ant bites you.
You are poisoned.
The worker ant poisons you!
You closely miss the worker ant.
The worker ant is almost dead.
You feel sick. The worker ant barely misses you.
You closely miss the worker ant.
The worker ant is almost dead.
You feel sick. The worker ant misses you.
You closely miss the worker ant.
The worker ant is almost dead.
The worker ant bites you but does no damage.
You closely miss the worker ant.
The worker ant is almost dead.
You feel sick. The worker ant barely misses you.
You hit the worker ant.
You kill the worker ant!
You feel sick.
You see here a hound skeleton.
There isn't anything to butcher here.
You feel sick.
You feel sick.
You start resting.
You feel sick. x3
Eating a chunk of flesh.
You eat the chunk of flesh.
This raw flesh tastes terrible.
You feel sick.
You are no longer poisoned.
You start resting.
HP restored.
A wight comes into view. It is wielding a +3 scimitar.
You see here a worker ant corpse.
You butcher the worker ant corpse.
x - 3 chunks of flesh Unknown command.
The wight hits you with a cursed +3 scimitar!
You feel drained.
Found 14 gold pieces.
A wight comes into view. It is wielding a +0 spear.
A wight comes into view. It is wielding a -2 morningstar.
A centaur comes into view.
The centaur shouts!
The centaur wields a +0 shortbow.
The centaur shoots an arrow.
The arrow closely misses you.
The jackal barks!
The centaur shoots an arrow.
The arrow closely misses you.
The centaur shoots an arrow.
The arrow hits you!
You see here 2 arrows.
The centaur shoots an arrow.
The arrow hits you but does no damage.
Found a stone staircase leading up.
A leopard gecko skeleton comes into view.
A leopard gecko comes into view.
Found 12 sling bullets.
The leopard gecko skeleton bites you but does no damage.
The leopard gecko skeleton closely misses you.
A scorpion comes into view.
The orc warrior shouts!
You hear a shout!
An orc comes into view. It is wielding a +0 war axe.
The orc shouts!
The orc warrior hits you with a +0 battleaxe!
* * * LOW HITPOINT WARNING * * *
The wight hits you with a cursed +3 scimitar!
You die...

########..h###........
#........#..##..>.....
#........#..##........
#........#...#........
#........##..#...####
#........###.....#
#(.....c..###(...#
#....zzzZh......##
#####@###........#
#....o####.....$#
..........# #........#
........s..##.........
...........#.....##....
..................l....
..........o.<......#..
...........#.......#


You could see an orc warrior, a centaur, a scorpion (wandering), 3 wights, an
orc, a jackal and a leopard gecko skeleton.

Vanquished Creatures
  A bullfrog (D:7)
  A howler monkey (D:7)
  A hound (D:6)
  A worker ant (D:6)
  An orc wizard (D:3)
  2 adders (D:3)
  An ooze (D:1)
  2 worms (D:2)
  2 dart slugs
  3 leopard geckos
  11 orcs
  2 giant cockroaches (D:3)
  10 goblins
  7 hobgoblins
  20 jackals
  9 kobolds
  2 quokkas
  3 bats
  4 frilled lizards
  6 rats
89 creatures vanquished.

Notes
Turn   | Place    | Note
-------+----------+-------------------------------------------
     0 | D:1      | MisterOstroum the Draconian Wanderer began the quest for
                  | the Orb.
     0 | D:1      | MisterOstroum set off with the following items: a +0 club,
                  | a scroll of teleportation {!r@r3 !r}, a potion of
                  | lignification {!q@q6}, 2 potions of heal wounds {!q!q}, a
                  | ration
     0 | D:1      | Reached XP level 1. HP: 17/17 MP: 1/1
   582 | D:1      | Reached XP level 2. HP: 23/25 MP: 2/2
  1453 | D:2      | Reached XP level 3. HP: 29/30 MP: 3/3
  2159 | D:2      | Found a bloodstained altar of Trog.
  2923 | D:2      | Reached XP level 4. HP: 34/38 MP: 4/4
  3737 | D:3      | Reached XP level 5. HP: 46/46 MP: 5/5
  4005 | D:4      | Found a shimmering altar of Xom.
  4009 | D:4      | Found a sacrificial altar of Ru.
  4014 | D:4      | Found an ornate altar of the Wu Jian Council.
  4051 | D:4      | You fall into a shaft and drop 3 floors!
  4052 | D:7      | Noticed an ice beast
  4419 | D:7      | Noticed a hungry ghost
  4454 | D:7      | Noticed a human
  4454 | D:7      | Noticed a hog
  4454 | D:7      | Noticed a hog
  4454 | D:7      | Noticed a hog
  4454 | D:7      | Noticed a hog
  4524 | D:6      | Noticed Blork the orc
  4524 | D:6      | Noticed an ogre
  4524 | D:6      | Noticed an orc warrior
  4525 | D:6      | Found the +2 pair of boots of the Assassin {Detection Stab+
                  | Stlth++}
  4576 | D:6      | Reached XP level 6. HP: 35/53 MP: 6/6
  4895 | D:6      | Slain by a wight

Levels and vault maps discovered:
D:1:      dpeg_arrival_three_same_balls, layout_basic, chequers_jeans,
          st_stairs_13
D:2:      layout_basic, trog_hazing_becter
D:3:      layout_rooms, first_ration, nicolae_underground_beach
D:4:      layout_rooms, grunt_temple_overflow_open, skrybe_limestone_x,
          minmay_a_box_with_orc_wizards_in_it, uniq_edmund
D:6:      layout_rooms, uniq_blork_the_orc
D:7:      minmay_the_grid_octo_tiled_squarecenter
          [minmay_the_grid_octo_fan_narrow, minmay_the_grid_octo_empty,
          minmay_the_grid_octo_tetromino_candy, minmay_the_grid_octo_focus,
          minmay_the_grid_square_5x5_megaprize_checkered,
          minmay_the_grid_square_5x5_doubleslash,
          minmay_the_grid_square_5x5_shrine2,
          minmay_the_grid_square_5x5_tetrominoes, minmay_the_grid_square_5x5_v],
          layout_gridville, minmay_temple_entry_glassed_door, grunt_livestock

Skill      XL: |  1  2  3  4  5 |
---------------+----------------+-----
Fighting       | 3 4 |  4.5
Stealth        | 2 |  2.6
Unarmed Combat | 4 |  4.6
Dodging        | 2 |  2.4
Axes           | |  1.0
Shields        | |  1.0
Evocations     | |  1.0

Action                   |  1- 3 |  4- 6 || total
-------------------------+-------+-------++-------
Melee: Unarmed           |   216 |   202 ||   418
       Tailslap          |    19 |    14 ||    33
       Punch             |     1 |     4 ||     5
Throw: Stone             |     8 |     8 ||    16
       Boomerang         |       |     4 ||     4
       Throwing net      |       |     2 ||     2
  Use: Potion            |     1 |       ||     1
       Scroll            |     3 |     5 ||     8
 Stab: Sleeping          |     2 |     3 ||     5
       Held in net/web   |       |     1 ||     1
  Eat: Chunk             |     6 |     7 ||    13
Armor: Skin              |    62 |    48 ||   110
Dodge: Dodged            |   126 |   147 ||   273
